 Dungeon Crawl Stone Soup version 0.25-a0-110-ge29c8f2358 (webtiles) character file.

Game seed: 3307994502672110364, levelgen mode: deterministic

13717 Gargoyl the Cleaver (level 11, 0/91 HPs)
             Began as a Centaur Abyssal Knight on Nov 18, 2019.
             Was a High Priest of Lugonu.
             Succumbed to Sonja's poison
             ... on level 11 of the Dungeon on Nov 19, 2019.
             The game lasted 00:27:22 (12322 turns).

Gargoyl the Cleaver (Centaur Abyssal Knight)       Turns: 12322, Time: 00:27:23

Health: 0/91       AC:  0    Str: 17    XL:     11   Next: 79%
Magic:  17/17      EV: 26    Int: 11    God:    Lugonu [*****.]
Gold:   862        SH:  0    Dex: 22    Spells: 10/10 levels left

rFire    + . .     SeeInvis .   (weapon currently unavailable)
rCold    + . .     Gourm    .   (shield currently unavailable)
rNeg     . . .     Faith    .   (armour currently unavailable)
rPois    +         Spirit   .   (helmet currently unavailable)
rElec    +         Reflect  .   (cloak currently unavailable)
rCorr    +         Harm     .   (gloves currently unavailable)
MR       .....                  (no barding)
Stlth    +++.......             i - amulet of regeneration
HPRegen  0.65/turn              (ring currently unavailable)
MPRegen  0.15/turn              (ring currently unavailable)

@: agile, lethally poisoned (0 -> -14), bat-form, resistant, flying, very quick
A: tiny, agile 1, MP-powered wands
a: Depart the Abyss, Bend Space, Banish, Corrupt, Enter the Abyss, Renounce
Religion


You were on level 11 of the Dungeon.
You worshipped Lugonu.
Lugonu was extremely pleased with you.
You were hungry.
You were in bat-form.
You visited 2 branches of the dungeon, and saw 13 of its levels.
You visited the Abyss 1 time.
You also visited: Ossuary.

You collected 862 gold pieces.

Inventory:

Hand Weapons
 a - a +5 hand axe (melded)
Missiles
 q - 11 boomerangs (quivered)
Armour
 j - a +2 buckler (melded)
 l - a +2 hat (melded)
 w - a +0 plate armour (melded)
 C - the +2 leather armour of Death Resistance {rPois}
   (You found it on level 10 of the Dungeon)

   It protects you from poison.
Jewellery
 b - a ring of see invisible (melded)
 h - a +5 ring of evasion (melded)
 i - an amulet of regeneration (around neck)
 A - an uncursed amulet of the acrobat {unknown}
Wands
 o - a wand of iceblast (9)
 p - a wand of polymorph (5)
 t - a wand of random effects (37)
 v - a wand of acid (14)
 y - a wand of digging (8)
Scrolls
 e - 3 scrolls of teleportation
 f - 10 scrolls of identify
 k - 5 scrolls of fear
 m - 7 scrolls of remove curse
 z - 3 scrolls of fog
Potions
 g - 6 potions of magic
 n - 2 potions of agility
 r - a potion of mutation
 x - a potion of brilliance
Comestibles
 c - 26 rations
 d - 6 chunks of flesh


   Skills:
 + Level 6.7 Fighting
 + Level 9.3 Axes
 + Level 2.9 Throwing
 * Level 7.8 Armour
 + Level 3.0 Dodging
 * Level 5.4 Shields
 * Level 8.5 Invocations
 + Level 0.6 Evocations


You had 10 spell levels left.
You didn't know any spells.
Your spell library contained the following spells:

 Spells                   Type           Power        Failure   Level  Hunger
 Corona                   Hex            #......      34%         1    ##.....
 Summon Butterflies       Summ           #.......     34%         1    ##.....
 Slow                     Hex            #.......     47%         2    ###....
 Call Canine Familiar     Summ           #.......     71%         3    ####...
 Inner Flame              Hex/Fire       #.......     71%         3    ####...
 Portal Projectile        Hex/Tloc       #.....       71%         3    ####...
 Cause Fear               Hex            #.........   98%         4    #####..
 Leda's Liquefaction      Hex/Erth       #.........   98%         4    #####..
 Summon Ice Beast         Ice/Summ       #.......     98%         4    #####..
 Summon Mana Viper        Hex/Summ       #.......     100%        5    ######.
 Haunt                    Necr/Summ      #.........   100%        7    #######
 Summon Hydra             Summ           #.........   100%        7    #######
 Borgnjor's Revivificati  Necr           #.........   100%        8    #######
 Death's Door             Chrm/Necr      #.........   100%        8    #######
 Infestation              Necr           #.........   100%        8    #######
 Necromutation            Tmut/Necr      #.........   100%        8    #######


Dungeon Overview and Level Annotations

Branches:
Dungeon (12/15)            Temple (0/1) D:4            Lair (1/6) D:8
    Orc (0/2) D:9         Ossuary (visited)

Altars:
Dithmenos
Elyvilon
Fedhas
Hepliaklqana
Kikubaaqudgha
Makhleb
Okawaru
Ru
Sif Muna
Vehumet
Wu Jian
Xom
Zin

Shops:
D:7 :

Annotations:
D:4 1 runed translucent door
D:12 Sonja


Innate Abilities, Weirdness & Mutations

((You have hooves in place of feet.))
((Armour fits poorly on your strangely shaped body.))
((You cover ground very quickly.))
((You have extremely tough skin. (AC +3)))
You are agile. (Dex +2)
You expend magic power (3 MP) to strengthen your wands.


Message History

You feel sick.
* * * LOW HITPOINT WARNING * * *
You feel sick.
* * * LOW HITPOINT WARNING * * *
You feel sick.
* * * LOW HITPOINT WARNING * * *
You feel sick.
* * * LOW HITPOINT WARNING * * *
You feel sick.
* * * LOW HITPOINT WARNING * * *
You feel sick.
* * * LOW HITPOINT WARNING * * *
You feel sick.
* * * LOW HITPOINT WARNING * * *
You feel sick.
* * * LOW HITPOINT WARNING * * *
You feel sick.
* * * LOW HITPOINT WARNING * * *
You feel sick.
You die...

#....###### #.# #(..(.....
#.........# #.# #.########
#.........# #.# #.#>......
#.........#####.# #(#.......
#.........'.....# #[#...[...
#.........#########.#..(....
##.......................})[.
#........<...........#.......
#........##.b##...##.#.......
#.........#..##.#.##.#<......
#.....>(.............########
#.....รท...#.....#+##.........
#.........######.....#.#.....
#########......'.....#.......
########.....###.....
#..............
#####..............


There were no monsters in sight!

Vanquished Creatures
  A two-headed ogre (D:9)
  A tengu warrior (D:10)
  The ghost of asdu the Magician, a novice OpIE of Ashenzari (D:9)
  An orc knight (D:11)
  A deep elf mage (D:11)
  The ghost of oberejnoburuli the Geomancer, a novice OpEE of Vehumet (D:7)
  A centaur skeleton (D:11)
  4 hippogriffs
  3 shadows (D:11)
  A yak (D:8)
  2 wyverns
  The ghost of stripedtigrrr the Poker, an amateur MfGl (D:4)
  A basilisk (D:8)
  2 wargs (D:9)
  2 acid dragons (D:11)
  Duvessa (D:7)
  6 orc warriors
  3 sky beasts
  2 ice beasts
  2 black bears (D:6)
  4 phantoms
  3 centaurs
  7 ogres
  A crocodile (D:8)
  An elf zombie (Ossuary)
  7 bullfrogs
  4 scorpions
  Dowan (D:7)
  6 killer bees
  5 wights (D:10)
  5 howler monkeys
  A crimson imp (D:6)
  3 bullfrog zombies
  5 centaur zombies
  3 jellies
  6 hounds
  2 human zombies (Ossuary)
  7 orc priests
  14 orc wizards
  3 iguanas
  5 worker ants
  2 hound skeletons
  3 mummies
  A howler monkey zombie (D:8)
  7 adders
  3 gnolls (D:4)
  2 river rats (D:4)
  4 shadow imps
  3 adder skeletons
  2 adder zombies
  5 leopard geckos
  38 orcs
  2 ball pythons
  4 giant cockroaches
  3 goblins (D:3)
  A hobgoblin (D:3)
  12 jackals
  7 quokkas
  4 bats
  4 frilled lizards
  A goblin zombie (Ossuary)
  16 hobgoblin zombies (Ossuary)
  5 kobolds
  8 kobold zombies (Ossuary)
  5 orc zombies (Ossuary)
  A quokka skeleton (D:6)
  4 rats
  3 rat zombies (Ossuary)
280 creatures vanquished.

Vanquished Creatures (collateral kills)
  2 jackals (D:6)
2 creatures vanquished.

Vanquished Creatures (others)
  A fire giant (D:9)
  A centaur warrior (D:11)
  A two-headed ogre (D:11)
  A spiny frog (D:8)
  A gargoyle (D:11)
  A freezing wraith (D:11)
  A slime creature (D:11)
  A bullfrog (D:8)
8 creatures vanquished.

Grand Total: 290 creatures vanquished

Notes
Turn   | Place    | Note
-------+----------+-------------------------------------------
     0 | Abyss:1  | Gargoyl the Centaur Abyssal Knight began the quest for the
                  | Orb.
     0 | Abyss:1  | Reached XP level 1. HP: 19/19 MP: 2/2
    38 | Abyss:1  | Noticed a large abomination
    54 | Abyss:1  | Noticed a bone dragon
   130 | Abyss:1  | Noticed an ancient zyme
   171 | Abyss:1  | Noticed a large abomination
   178 | D:1      | Escaped the Abyss
  1049 | D:2      | Found a radiant altar of Vehumet.
  1049 | D:2      | Found a burning altar of Makhleb.
  1298 | D:2      | Reached * piety under Lugonu
  1341 | D:2      | Found a white marble altar of Elyvilon.
  1638 | D:3      | Reached XP level 2. HP: 20/26 MP: 3/3
  1676 | D:3      | Reached skill level 2 in Axes
  1750 | D:3      | Reached XP level 3. HP: 30/31 MP: 4/4
  1816 | D:3      | Found a shimmering blue altar of Sif Muna.
  2251 | D:3      | Found a blossoming altar of Fedhas.
  2547 | D:3      | Found a stormy altar of Qazlal.
  2549 | D:3      | Found a blossoming altar of Fedhas.
  2549 | D:3      | Found a shimmering altar of Xom.
  2552 | D:3      | Found a sacrificial altar of Ru.
  2552 | D:3      | Found an ornate altar of the Wu Jian Council.
  2552 | D:3      | Found a white marble altar of Elyvilon.
  2623 | D:4      | Found an iron altar of Okawaru.
  2641 | D:4      | Noticed an ogre
  2641 | D:4      | Found a shadowy altar of Dithmenos.
  2798 | D:4      | Noticed a phantom
  2860 | D:4      | Found a runed translucent door.
  2860 | D:4      | Found a staircase to the Ecumenical Temple.
  2909 | D:3      | Reached XP level 4. HP: 18/40 MP: 5/5
  2965 | D:4      | Reached skill level 1 in Dodging
  3099 | D:3      | Killed an ogre
  3099 | D:3      | Reached skill level 3 in Axes
  3099 | D:3      | Reached XP level 5. HP: 40/46 MP: 6/6
  3130 | D:5      | Entered Level 5 of the Dungeon
  3130 | D:5      | Noticed an ice beast
  3315 | D:4      | Noticed an ogre
  3329 | D:4      | Killed an ogre
  3329 | D:4      | Reached skill level 1 in Shields
  3329 | D:4      | Reached XP level 6. HP: 15/52 MP: 7/7
  3580 | D:4      | Noticed stripedtigrrr's ghost (amateur MfGl)
  3597 | D:4      | Found a runed translucent door.
  3642 | D:4      | Killed stripedtigrrr's ghost
  3642 | D:4      | Reached skill level 4 in Axes
  3642 | D:4      | Reached skill level 1 in Throwing
  3642 | D:4      | Reached XP level 7. HP: 59/59 MP: 7/9
  3747 | D:5      | Reached ** piety under Lugonu
  3796 | D:5      | Found a sand-covered staircase.
  3809 | Ossuary  | Entered an ossuary
  4144 | D:5      | Reached skill level 5 in Axes
  4362 | D:5      | Reached XP level 8. HP: 56/67 MP: 10/10
  4441 | D:5      | Reached *** piety under Lugonu
  5110 | D:6      | Found an ancient bone altar of Kikubaaqudgha.
  5883 | D:7      | Found a large runed translucent door.
  5887 | D:7      | Found a large runed translucent door.
  5887 | D:7      | Noticed oberejnoburuli's ghost (novice OpEE)
  5992 | D:7      | Reached skill level 6 in Axes
  6169 | D:8      | Reached XP level 9. HP: 13/72 MP: 7/12
  6325 | D:7      | Reached skill level 5 in Invocations
  6353 | D:7      | Reached **** piety under Lugonu
  6368 | D:7      | Noticed Dowan
  6370 | D:7      | Noticed Duvessa
  6381 | D:7      | Killed Dowan
  6395 | D:7      | Gained mutation: Your flesh is heat resistant. (rF+)
                  | [potion of mutation]
  6395 | D:7      | Gained mutation: Your system is resistant to poisons.
                  | (rPois) [potion of mutation]
  6432 | D:7      | Killed Duvessa
  6432 | D:7      | Reached skill level 5 in Armour
  6558 | D:7      | Found Lunimicios's Book Shoppe.
  6988 | D:7      | Reached skill level 5 in Fighting
  7248 | D:7      | Killed oberejnoburuli's ghost
  7377 | D:8      | Reached skill level 7 in Axes
  7682 | D:8      | Found a shimmering altar of Xom.
  7683 | D:8      | Found a hazy altar of Hepliaklqana.
  7684 | D:8      | Noticed a spectral ugly thing
  7988 | D:8      | Reached XP level 10. HP: 64/81 MP: 14/14
  8123 | D:8      | Found a staircase to the Lair.
  8398 | D:8      | Found a sacrificial altar of Ru.
  8398 | D:8      | Found a glowing silver altar of Zin.
  8656 | Lair:1   | Entered Level 1 of the Lair of Beasts
  8656 | Lair:1   | Noticed a spiny frog
  8673 | D:8      | Banished a spiny frog
  9141 | D:9      | Found a runed translucent door.
  9149 | D:9      | Noticed asdu's ghost (novice OpIE)
  9215 | D:9      | Killed asdu's ghost
  9422 | D:9      | Reached ***** piety under Lugonu
  9540 | D:9      | Found a staircase to the Orcish Mines.
  9542 | D:9      | Upgraded the game from 0.25-a0-108-gda8bd6cf83 to
                  | 0.25-a0-110-ge29c8f2358
  9865 | D:10     | Entered Level 10 of the Dungeon
  9868 | D:10     | Lost mutation: Your flesh is heat resistant. (rF+) [potion
                  | of mutation]
  9868 | D:10     | Lost mutation: Your system is resistant to poisons. (rPois)
                  | [potion of mutation]
  9868 | D:10     | Gained mutation: Your body sometimes deteriorates upon
                  | taking damage. [potion of mutation]
  9868 | D:10     | Gained mutation: Your flesh is heat resistant. (rF+)
                  | [potion of mutation]
  9869 | D:10     | Lost mutation: Your flesh is heat resistant. (rF+) [potion
                  | of mutation]
  9869 | D:10     | Lost mutation: Your body sometimes deteriorates upon taking
                  | damage. [potion of mutation]
  9869 | D:10     | Gained mutation: You expend magic power (3 MP) to
                  | strengthen your wands. [potion of mutation]
  9869 | D:10     | Gained mutation: You are agile. (Dex +2) [potion of
                  | mutation]
  9888 | D:10     | Reached skill level 8 in Axes
 10379 | D:10     | Noticed a tengu warrior
 10380 | D:10     | Noticed a two-headed ogre
 10393 | D:10     | Noticed a fire giant
 10395 | D:10     | Killed a tengu warrior
 10395 | D:10     | Reached XP level 11. HP: 29/89 MP: 16/16
 10605 | D:9      | Killed a two-headed ogre
 10714 | D:9      | Banished a fire giant
 11159 | D:10     | Got a blackened leather armour
 11160 | D:10     | Identified the +2 leather armour of Death Resistance
                  | {rPois} (You found it on level 10 of the Dungeon)
 11277 | D:11     | Reached skill level 5 in Shields
 11435 | D:11     | Noticed a deep elf mage
 11513 | D:11     | Identified the cursed +2 shortbow of Dorym {velocity, rF+
                  | rN+}
 11513 | D:11     | Noticed a centaur warrior
 11513 | D:11     | Noticed a two-headed ogre
 11515 | D:11     | Noticed an orc knight
 11785 | D:11     | Reached skill level 9 in Axes
 11811 | D:11     | Killed an orc knight
 11862 | D:11     | HP: 5/136 [two-headed ogre/cursed -2 giant spiked club (4)]
 11865 | D:11     | Banished a two-headed ogre
 11883 | D:11     | Banished a centaur warrior
 12058 | D:11     | Killed a deep elf mage
 12218 | D:12     | Noticed Sonja
 12319 | D:11     | HP: 3/91 [poisoned by Sonja]
 12321 | D:11     | HP: 1/91 [poisoned by Sonja]
 12322 | D:11     | Succumbed to Sonja's poison

Levels and vault maps discovered:
D:1:      dpeg_arrival_rhombi, layout_basic
D:2:      layout_basic, gammafunk_temple_overflow_wave, old_standard_altar
D:3:      layout_basic, lemuel_crystal_altar, fedhas_altar_4,
          doesnt_xom_only_xom
D:4:      layout_gridville, okawaru_trees_1, grunt_dithmenos_smoke_and_mirrors,
          minmay_temple_entry_butterflies, ebering_ghost_sewer_f, first_ration
D:5:      layout_cave_pods, gup_ossuary_entry_pyramid
D:6:      layout_loops_ring, kiku_gazebo_pond_becter
D:7:      layout_cave_pods, serial_shops, nicolae_shop_stone,
          ebering_ghost_disaster_area, grunt_ogre_cave, uniq_duvessa
D:8:      layout_basic, regret_index_temple_of_mockery,
          gammafunk_temple_overflow_elements, david_lair_generic
D:9:      layout_loops_ring, david_orc_1_choice, hellmonk_ghost_happy_afterlife,
          minmay_microvault
D:10:     wad_statue_garden, layout_basic, kennysheep_decorative_pillar
D:11:     layout_basic, minivault_12
D:12:     layout_basic, minivault_23, minmay_nine_imps, uniq_sonja
Lair:1:   minmay_lair_oklob_tunnel, layout_misc_corridors, grunt_megastairs_4,
          serial_bayou_shore_a, infiniplex_staircase_pool

Skill      XL: |  1  2  3  4  5  6  7  8  9 10 11 |
---------------+----------------------------------+-----
Axes           | 2 3 4 5 6 7 8 9 |  9.3
Armour         | 2 3 4 5 7 |  7.8
Dodging        | 1 2 3 |  3.0
Fighting       | 4 5 6 |  6.7
Shields        | 1 2 3 4 5 |  5.4
Throwing       | 1 2 |  2.9
Invocations    | 3 4 6 7 8 |  8.5
Evocations     | |  0.6

Action                   |  1- 3 |  4- 6 |  7- 9 | 10-12 || total
-------------------------+-------+-------+-------+-------++-------
Melee: Hand axe          |   110 |    83 |   548 |   554 ||  1295
       Kick              |    20 |    23 |   135 |   131 ||   309
       Unarmed           |       |       |       |    11 ||    11
Throw: Boomerang         |       |    12 |    31 |     8 ||    51
Invok: Depart the Abyss  |     1 |       |       |       ||     1
       Banish            |       |       |     3 |     8 ||    11
Evoke: Wand              |       |       |       |     8 ||     8
  Use: Scroll            |     8 |     3 |     7 |     3 ||    21
       Potion            |     2 |     1 |    11 |    12 ||    26
  Eat: Chunk             |     3 |     3 |    13 |    12 ||    31
       Ration            |       |       |       |     1 ||     1
Armor: Chain mail        |    64 |    27 |   179 |    83 ||   353
       Leather armour    |     1 |       |       |       ||     1
       Skin              |       |       |     9 |    24 ||    33
       Plate armour      |       |       |       |   130 ||   130
Dodge: Dodged            |    51 |    33 |   220 |   192 ||   496
Block: Buckler           |    23 |    19 |   137 |   130 ||   309

Table legend:
 A = Non-vault XP
 B = Vault XP
 C = Vault XP percentage of total XP
 D = Non-vault monster count
 E = Vault monster count
 F = Vault count percentage of total count
                 A         B        C        D         E       F
            +---------+---------+-------+---------+---------+-------
      Total |    9343 |   10253 |  52.3 |     208 |      82 |  28.3
            +---------+---------+-------+---------+---------+-------
        D:1 |       7 |       0 |   0.0 |       5 |       0 |   0.0
        D:2 |       4 |       0 |   0.0 |       3 |       0 |   0.0
        D:3 |     249 |       0 |   0.0 |      26 |       0 |   0.0
        D:4 |     412 |     217 |  34.5 |      11 |       5 |  31.2
        D:5 |     549 |      18 |   3.2 |      20 |       1 |   4.8
        D:6 |     750 |       0 |   0.0 |      19 |       0 |   0.0
        D:7 |    1012 |     856 |  45.8 |      31 |       4 |  11.4
        D:8 |    1824 |     769 |  29.7 |      27 |       4 |  12.9
        D:9 |    1089 |    3298 |  75.2 |      20 |      14 |  41.2
       D:10 |    1377 |    1059 |  43.5 |      23 |       4 |  14.8
       D:11 |    2070 |    3735 |  64.3 |      23 |      11 |  32.4
    Ossuary |       0 |     301 | 100.0 |       0 |      39 | 100.0
            +---------+---------+-------+---------+---------+-------
